 Dungeon Crawl Stone Soup version 0.22-b1-26-g9dbaab1 (webtiles) character file.

462 Lilu the Destroyer (level 6, 0/32 HPs)
             Began as a Deep Elf Conjurer on Aug 6, 2018.
             Slain by a quokka (1 damage)
             ... on level 4 of the Dungeon.
             The game lasted 00:12:05 (3892 turns).

Lilu the Destroyer (Deep Elf Conjurer)              Turns: 3892, Time: 00:12:06

Health: 0/32       AC:  4    Str:  7    XL:     6   Next: 79%
Magic:  1/12       EV: 13    Int: 20    God:
Gold:   120        SH:  0    Dex: 15    Spells: 4/11 levels left

rFire    . . .     SeeInvis .   d - +2 dagger (venom)
rCold    . . .     Gourm    .   (no shield)
rNeg     . . .     Faith    .   a - +0 robe
rPois    .         Spirit   .   (no helmet)
rElec    .         Reflect  .   (no cloak)
rCorr    .         Harm     .   (no gloves)
MR       .....                  t - +1 pair of boots
Stlth    ++........             (no amulet)
HPRegen  0.10/turn              (no ring)
MPRegen  0.13/turn              (no ring)

@: no status effects
A: no striking features
a: no special abilities


You were on level 4 of the Dungeon.
You were hungry.

You visited 1 branch of the dungeon, and saw 4 of its levels.

You collected 120 gold pieces.

Inventory:

Hand Weapons
 d - a +2 dagger of venom (weapon)
 p - a +2 dagger of venom
Missiles
 f - 150 arrows
 l - 19 sling bullets
Armour
 a - a +0 robe (worn)
 t - a +1 pair of boots (worn)
Jewellery
 w - a cursed ring of protection from fire {unknown}
Wands
 n - a wand of digging (11)
Scrolls
 h - 6 scrolls of identify {unknown}
 i - a scroll of enchant weapon {unknown}
 k - 2 scrolls of remove curse {unknown}
 v - a scroll of magic mapping {unknown}
Potions
 e - 2 potions of haste {unknown}
 g - a potion of agility {unknown}
 j - 3 potions of flight {unknown}
 m - a potion of degeneration {unknown}
 o - a potion of resistance {unknown}
 q - 2 potions of curing {unknown}
 r - 2 potions of brilliance {unknown}
 s - a potion of heal wounds {unknown}
 u - a potion of lignification {unknown}
Comestibles
 c - 6 rations


   Skills:
 - Level 2.4 Dodging
 - Level 2.4 Stealth
 - Level 3.0 Spellcasting
 + Level 9.0 Conjurations


You had 4 spell levels left.
You knew the following spells:

 Your Spells              Type           Power        Failure   Level  Hunger
a - Magic Dart            Conj           ####         1%          1    None
b - Searing Ray           Conj           #####.       1%          2    ##.....
c - Iskenderun's Mystic   Conj           #####...     3%          4    ####...

Your spell library contained the following spells:

 Spells                   Type           Power        Failure   Level  Hunger
 Fulminant Prism          Conj/Hex       ###.......   22%         4    ####...
 Dazzling Spray           Conj/Hex       ###...       7%          3    ###....
 Force Lance              Conj/Tloc      ###.....     22%         4    ####...


Dungeon Overview and Level Annotations

Branches:
Dungeon (4/15)
 Temple: D:4-7

Altars:
Yredelemnul


Message History

* * * LOW HITPOINT WARNING * * *
The searing ray hits the orc priest.
The orc priest is almost dead.
You finish channeling your searing ray.
The orc priest hits you with a club.
* * * LOW HITPOINT WARNING * * *
Casting: Searing Ray (safe; 1% risk of failure)
Confirm with . or Enter, or press ? or * to list all spells.
Aiming: Searing Ray (safe; 1% risk of failure)
Press: ? - help, Shift-Dir - straight line, f/p - orc priest
Aim: an orc priest, wielding a club and wearing a leather armour (almost dead)
The searing ray hits the orc priest.
The orc priest is almost dead. (Press . to maintain the ray.)
The orc priest barely misses you.
The searing ray hits the orc priest.
You kill the orc priest!
Your Conjurations skill increases to level 9!
The quokka closely misses you. The quokka bites you.
You die...

#.......(..(..<......).......###
#....###(..<...............#.#
#....##.)(#..##.#.#.....####.####
..#####.....###.#.......##.......
.. #............###.[####...###..
..##.........[.#####.###.<######.
.................................
..##..........#..................
.. #..........##@.###.......#####
#...........r.##...#####....##
##.#######).#....### ####... ....
#####)#..#### #### .....
#.......## # .......o##..### #
......# #..# # ...%o# #..# ...o.
..##


You could see a quokka.

Vanquished Creatures
  A phantom (D:4)
  An ogre (D:3)
  4 orc priests (D:4)
  An orc wizard (D:3)
  A worker ant (D:4)
  2 adders (D:4)
  2 worms
  A dart slug (D:2)
  4 leopard geckos
  13 orcs
  A ball python (D:1)
  4 giant cockroaches
  11 goblins
  11 hobgoblins
  2 jackals (D:1)
  A quokka (D:2)
  7 bats
  5 frilled lizards
  5 kobolds
  5 rats
  A spectral orc (D:3)
83 creatures vanquished.

Notes
Turn   | Place    | Note
-------+----------+-------------------------------------------
     0 | D:1      | Lilu the Deep Elf Conjurer began the quest for the Orb.
     0 | D:1      | Reached XP level 1. HP: 10/10 MP: 6/6
   192 | D:1      | Reached XP level 2. HP: 15/15 MP: 6/8
   198 | D:1      | Reached skill level 5 in Conjurations
   389 | D:1      | Learned a level 2 spell: Searing Ray
  1004 | D:2      | Reached XP level 3. HP: 15/19 MP: 2/9
  2073 | D:2      | Reached skill level 6 in Conjurations
  2388 | D:3      | Reached XP level 4. HP: 24/24 MP: 2/10
  2456 | D:3      | Learned a level 4 spell: Iskenderun's Mystic Blast
  3149 | D:3      | Noticed an ogre
  3153 | D:3      | Killed an ogre
  3153 | D:3      | Reached skill level 7 in Conjurations
  3153 | D:3      | Reached XP level 5. HP: 28/28 MP: 6/11
  3213 | D:3      | Found a basalt altar of Yredelemnul.
  3510 | D:4      | Noticed a phantom
  3514 | D:4      | Reached skill level 8 in Conjurations
  3514 | D:4      | Reached XP level 6. HP: 29/32 MP: 3/12
  3887 | D:4      | HP: 1/32 [orc priest/club (5)]
  3889 | D:4      | Reached skill level 9 in Conjurations
  3892 | D:4      | Slain by a quokka

Skill      XL: |  1  2  3  4  5  6 |
---------------+-------------------+-----
Conjurations   | 5 6 7 8 9 |  9.0
Dodging        | |  2.4
Stealth        | |  2.4
Spellcasting   | |  3.0

Action                   |  1- 3 |  4- 6 || total
-------------------------+-------+-------++-------
Melee: Unarmed           |     1 |       ||     1
       Club              |    40 |       ||    40
       Dagger            |       |    12 ||    12
 Cast: Magic Dart        |    89 |    31 ||   120
       Searing Ray       |     2 |    14 ||    16
 Stab: Sleeping          |     1 |     2 ||     3
  Eat: Chunk             |     5 |     4 ||     9
Armor: Robe              |    10 |     2 ||    12
Dodge: Dodged            |    50 |    24 ||    74
